 Dungeon Crawl Stone Soup version 0.20-a0-795-ga03948b (webtiles) character file.

3302 retryentry the Thaumaturge (level 10, -4/56 HPs)
             Began as an Octopode Wizard on Mar 1, 2017.
             Shot with an arrow by a centaur (8 damage)
             ... on level 8 of the Dungeon.
             The game lasted 00:19:40 (7478 turns).

retryentry the Thaumaturge (Octopode Wizard)        Turns: 7478, Time: 00:19:41

Health: -4/56      AC:  1    Str:  8    XL:     10   Next: 1%
Magic:  16/32      EV: 13    Int: 23    God:
Gold:   378        SH:  0    Dex: 10    Spells: 16/27 levels left

rFire    + . .     SeeInvis .   h - +2 whip (drain)
rCold    . . .     Gourm    +   (no shield)
rNeg     . . .     Faith    .   a - +0 hat
rPois    .         Spirit   .   l - amulet of the gourmand
rElec    .         Reflect  .   p - ring of magical power
rCorr    .         Harm     .   (no ring)
MR       .....                  (no ring)
Stlth    +++.......             (no ring)
Regen    0.2/turn               (no ring)
MPRegen  0.3/turn               (no ring)
                                (no ring)
                                (no ring)

@: lethally poisoned (-4 -> -6)
A: almost no armour, stealthy swim, amphibious, 8 rings, constrict 8, beak,
camouflage 1, blurry vision 1, fire resistance 1, gelatinous body 1
a: no special abilities


You were on level 8 of the Dungeon.
You were very full.

You visited 2 branches of the dungeon, and saw 9 of its levels.

You collected 378 gold pieces.

Inventory:

Hand Weapons
 h - a +2 whip of draining (weapon)
Armour
 a - a +0 hat (worn)
Jewellery
 l - an amulet of the gourmand (around mantle)
 p - a ring of magical power (left tentacle)
Wands
 j - a wand of digging (15/24)
 q - a wand of random effects (11/48)
 x - a wand of clouds (3/9)
 y - a wand of paralysis (1/24)
 A - a wand of flame (14/48)
 F - a wand of random effects (21/48)
Scrolls
 e - 5 scrolls of remove curse {unknown}
 g - 4 scrolls of recharging {unknown}
 i - a scroll of amnesia {unknown}
 k - 2 scrolls of teleportation {unknown}
 n - a scroll of fear {unknown}
 o - 3 scrolls of identify {unknown}
 u - 2 scrolls of fog {unknown}
 B - a scroll of immolation {unknown}
 D - a scroll of magic mapping {unknown}
 E - a scroll of holy word {unknown}
Potions
 d - 5 potions of haste {unknown}
 f - a potion of resistance {unknown}
 m - 2 potions of might {unknown}
 r - a potion of mutation {unknown}
 s - 2 potions of degeneration {unknown}
 t - a potion of berserk rage {unknown}
 v - a potion of flight {unknown}
 w - a potion of curing {unknown}
Books
 b - a book of Minor Magic

   Spells                             Type                      Level
   a - Magic Dart                     Conjuration                  1
   b - Blink                          Translocation                2
   c - Call Imp                       Summoning                    2
   d - Slow                           Hexes                        2
   e - Conjure Flame                  Conjuration/Fire             3
   f - Mephitic Cloud                 Conjuration/Poison/Air       3
 G - a Young Poisoner's Handbook

   Spells                             Type                      Level
   a - Sting                          Conjuration/Poison           1
   b - Poisonous Vapours              Poison/Air                   2
   c - Mephitic Cloud                 Conjuration/Poison/Air       3
   d - Olgreb's Toxic Radiance        Poison                       4
   e - Venom Bolt                     Conjuration/Poison           5
Comestibles
 c - 5 bread rations
 C - 4 meat rations


   Skills:
 - Level 2.0 Dodging
 - Level 2.6 Stealth
 + Level 9.1 Spellcasting
 + Level 8.6 Conjurations
 - Level 1.0 Summonings
 - Level 1.0 Translocations
 * Level 5.2 Fire Magic


You had 16 spell levels left.
You knew the following spells:

 Your Spells              Type           Power        Failure   Level  Hunger
a - Magic Dart            Conj           ####         1%          1    None
b - Blink                 Tloc           N/A          10%         2    None
c - Call Imp              Summ           ###.....     10%         2    None
d - Conjure Flame         Conj/Fire      #####...     1%          3    None
e - Mephitic Cloud        Conj/Pois/Air  ###.....     8%          3    None


Dungeon Overview and Level Annotations

Branches:
Dungeon (8/15)             Temple (1/1) D:6
   Lair: D:8-11

Altars:
Ashenzari
Cheibriados
Dithmenos
Elyvilon
Fedhas
Gozag
Hepliaklqana
Kikubaaqudgha
Makhleb
Nemelex Xobeh
Okawaru
Ru
Sif Muna
Trog
Uskayaw
Wu Jian
Xom
Yredelemnul
Zin

Shops:
D:5 %[(


Innate Abilities, Weirdness & Mutations

You cannot wear most types of armour.
You are very stealthy in the water. (Stealth+)
You are amphibious.
You can wear up to eight rings at the same time.
You can use your tentacles to constrict eight enemies at once.
Your skin changes colour to match your surroundings (Stealth+).
Your rubbery body absorbs attacks. (AC +1, EV +1)
You have a beak for a mouth.
Scrolls take you a little longer to read.
Your flesh is heat resistant. (rF+)


Message History

The centaur shoots an arrow.
The arrow hits you!
* * * LOW HITPOINT WARNING * * *
You see here an arrow.
Casting: Magic Dart
Confirm with . or Enter, or press ? or * to list all spells.
You can't see any susceptible monsters within range! (Use Z to cast anyway.) Unknown command.
The centaur shoots an arrow.
The arrow hits you.
* * * LOW HITPOINT WARNING * * *
A worker ant comes into view.
You see here an arrow.
Casting: Magic Dart
Confirm with . or Enter, or press ? or * to list all spells.
Aiming: Mephitic Cloud
Press: ? - help, Shift-Dir - straight line, f - you
Okay, then.
You feel sick.
The centaur shoots an arrow.
The arrow hits you!
* * * LOW HITPOINT WARNING * * *
The centaur shoots an arrow.
The arrow hits you!
You die...

.. .a## # #c.#
.. #..## .####
###...###.....
............#
#..........#
+.@........#.#
#..(.....#.#.#
#...(....#.#.#
#........#<#.#
#........#.#.#
#........#.#.#
#....ยงยง..#.#.#
#####..#.#...#
..#.###.######


You could see a centaur and a worker ant (wandering).

Vanquished Creatures
  2 hippogriffs (D:7)
  2 hungry ghosts (D:7)
  Edmund (D:4)
  A sky beast (D:6)
  3 orc warriors
  2 phantoms
  6 centaurs
  4 ogres
  A bullfrog (D:8)
  5 wights (D:6)
  2 howler monkeys (D:6)
  A hound (D:6)
  2 jellies
  3 iguanas
  2 orc priests
  A bullfrog skeleton (D:5)
  Crazy Yiuf (D:5)
  Ijyb (D:2)
  6 orc wizards
  9 worker ants
  A hound skeleton (D:5)
  A howler monkey zombie (D:6)
  A worker ant zombie (D:5)
  4 gnolls (D:5)
  7 adders
  2 shadow imps (D:6)
  An ooze (D:7)
  An adder zombie (D:5)
  A worm (D:1)
  A dart slug (D:2)
  4 leopard geckos
  28 orcs
  A ball python (D:4)
  4 giant cockroaches
  8 goblins
  4 hobgoblins
  2 jackals (D:5)
  A quokka (D:7)
  5 bats
  9 frilled lizards
  4 kobolds
  A leopard gecko skeleton (D:5)
  A leopard gecko zombie (D:5)
  2 quokka skeletons (D:4)
  3 rats
152 creatures vanquished.

Vanquished Creatures (others)
  5 fungi (D:6)
5 creatures vanquished.

Grand Total: 157 creatures vanquished

Notes
Turn   | Place    | Note
-------+----------+-------------------------------------------
     0 | D:1      | retryentry the Octopode Wizard began the quest for the Orb.
     0 | D:1      | Reached XP level 1. HP: 11/11 MP: 4/4
   238 | D:1      | Reached XP level 2. HP: 17/17 MP: 3/6
   615 | D:1      | Learned a level 2 spell: Blink
   618 | D:1      | Learned a level 2 spell: Call Imp
   821 | D:1      | Reached XP level 3. HP: 14/21 MP: 6/8
   969 | D:2      | Noticed Ijyb
   981 | D:2      | Killed Ijyb
   981 | D:2      | Reached skill level 4 in Spellcasting
   981 | D:2      | Reached XP level 4. HP: 22/27 MP: 2/10
   997 | D:2      | Learned a level 3 spell: Conjure Flame
  1001 | D:2      | Learned a level 3 spell: Mephitic Cloud
  1060 | D:2      | Found a burning altar of Makhleb.
  1060 | D:2      | Found a shadowy altar of Dithmenos.
  1276 | D:2      | Found a hide-covered altar of Uskayaw.
  1488 | D:3      | Reached XP level 5. HP: 31/31 MP: 6/11
  1900 | D:3      | Found a sparkling altar of Nemelex Xobeh.
  2082 | D:3      | Found a white marble altar of Elyvilon.
  2370 | D:4      | Reached skill level 1 in Fire Magic
  2406 | D:4      | Found a hazy altar of Hepliaklqana.
  2594 | D:4      | Reached XP level 6. HP: 36/36 MP: 6/13
  2807 | D:4      | Noticed a phantom
  2838 | D:4      | Killed a phantom
  2952 | D:4      | Noticed Edmund
  2973 | D:4      | Killed Edmund
  2973 | D:4      | Reached skill level 5 in Spellcasting
  2973 | D:4      | Reached skill level 5 in Conjurations
  2973 | D:4      | Reached XP level 7. HP: 40/41 MP: 5/14
  3202 | D:5      | Entered Level 5 of the Dungeon
  3202 | D:5      | Found Qepsies's Food Boutique.
  3347 | D:5      | Found Sir Bol's Armour Emporium.
  3442 | D:5      | Found Caxuq's Antique Weapon Shop.
  3508 | D:5      | Reached skill level 6 in Spellcasting
  3508 | D:5      | Reached XP level 8. HP: 38/46 MP: 11/17
  3890 | D:5      | Found a runed door.
  3930 | D:5      | Noticed Crazy Yiuf
  3936 | D:5      | Killed Crazy Yiuf
  4003 | D:5      | Found a glowing silver altar of Zin.
  4719 | D:6      | Reached skill level 7 in Spellcasting
  5421 | D:6      | Reached XP level 9. HP: 36/51 MP: 5/20
  5582 | D:6      | Found a staircase to the Ecumenical Temple.
  5609 | Temple   | Entered the Ecumenical Temple
  5857 | D:6      | Found a blossoming altar of Fedhas.
  6064 | D:6      | Reached skill level 8 in Spellcasting
  6066 | D:6      | Gained mutation: Scrolls take you a little longer to read. [mutagenic meat]
  6068 | D:6      | Gained mutation: You are weak. (Str -2) [mutagenic meat]
  6069 | D:6      | Gained mutation: You have a beak for a mouth. [mutagenic meat]
  6070 | D:6      | Gained mutation: Your flesh is heat resistant. (rF+) [mutagenic meat]
  6071 | D:6      | Lost mutation: You are weak. (Str -2) [mutagenic meat]
  7000 | D:7      | Reached skill level 5 in Fire Magic
  7155 | D:7      | Found a sparkling altar of Nemelex Xobeh.
  7171 | D:7      | Reached skill level 9 in Spellcasting
  7455 | D:8      | Reached XP level 10. HP: 41/56 MP: 23/23
  7478 | D:8      | Shot with an arrow by a centaur

Vault maps used:
D:1:      dpeg_arrival_pits
D:2:      lemuel_crystal_altar, chequers_temple_overflow_statue_of_worship,
          first_bread, uniq_iyjb
D:3:      elyvilon_altar_3, serial_bayou_pond_b, minmay_misc_feat_encased,
          minmay_misc_feat_cross, nemelex_spade_bored_becter
D:4:      overflow_temple_1_default, uniq_edmund
D:5:      zin_statuary, serial_shops, shop_statue, kennysheep_mini,
          nicolae_shop_trees, uniq_crazy_yiuf_cottage
D:6:      minmay_temple_entry_grid, fedhas_altar_3
D:7:      nemelex_dance_club_becter
Temple:   nicolae_temple_figure_eight

Skill      XL: |  1  2  3  4  5  6  7  8  9 |
---------------+----------------------------+-----
Conjurations   | 2 3 4 5 6 7 8 |  8.6
Spellcasting   | 4 5 6 7 9 |  9.1
Fire Magic     | 1 2 3 5 |  5.2
Dodging        | |  2.0
Stealth        | |  2.6
Summonings     | |  1.0
Translocations | |  1.0

Action                   |  1- 3 |  4- 6 |  7- 9 | 10-12 || total
-------------------------+-------+-------+-------+-------++-------
Melee: Unarmed           |     8 |       |       |       ||     8
       Constrict         |     6 |    15 |    21 |       ||    42
       Tentacles         |     5 |     9 |    12 |       ||    26
       Whip              |    12 |    73 |   122 |       ||   207
       Peck              |       |       |     4 |       ||     4
 Cast: Magic Dart        |    51 |    68 |   234 |    10 ||   363
       Mephitic Cloud    |       |    10 |    39 |     1 ||    50
       Conjure Flame     |       |       |    16 |       ||    16
       Blink             |       |       |     4 |     1 ||     5
 Stab: Sleeping          |     1 |     3 |     2 |       ||     6
       Confused          |       |     7 |     6 |       ||    13
  Eat: Chunk             |       |    19 |    19 |       ||    38
Armor: Skin              |     1 |     2 |     6 |       ||     9
Dodge: Dodged            |    16 |    36 |    74 |       ||   126
